 Dungeon Crawl Stone Soup version 0.23.2-1-ga50397a (webtiles) character file.

Game seed: 668409043726561907

316 myga the Scratcher (level 6, 0/25 HPs)
             Began as a Felid Transmuter on May 14, 2019.
             Was a Follower of Wu Jian.
             Slain by a gnoll
             ... wielding a +0 halberd
              (4 damage)
             ... on level 5 of the Dungeon.
             The game lasted 00:14:09 (4456 turns).

myga the Scratcher (Felid Transmuter)               Turns: 4456, Time: 00:14:10

Health: 0/25       AC:  2    Str:  8    XL:     6   Next: 20%
Magic:  11/12      EV: 19    Int: 14    God:    Wu Jian [*.....]
Gold:   211        SH:  0    Dex: 17    Spells: 5/11 levels left
                                        Lives:  0   Deaths: 1

rFire    . . .     SeeInvis +     - Unarmed
rCold    . . .     Gourm    .   (shield unavailable)
rNeg     . . .     Faith    .   (armour unavailable)
rPois    .         Spirit   .   (helmet unavailable)
rElec    .         Reflect  .   (cloak unavailable)
rCorr    +         Harm     .   (gloves unavailable)
MR       .....                  (boots unavailable)
Stlth    +++.......             (no amulet)
HPRegen  0.08/turn              s - ring of resist corrosion
MPRegen  0.13/turn              (no ring)

@: appendage, quick
A: very small, no armour, no weapons or thrown items, stealth, claws 1, fangs 3,
horns 2, see invisible, carnivore, speed 1, shaggy fur 2, slow metabolism 1,
sharp paws
a: End Transformation, Renounce Religion


You were on level 5 of the Dungeon.
You worshipped Wu Jian.
Wu Jian was aware of your devotion.
You were very full.
You had grown temporary horns.
You visited 1 branch of the dungeon, and saw 5 of its levels.

You collected 211 gold pieces.

Inventory:

Missiles
 a - 60 arrows
Jewellery
 b - an uncursed ring of fire
 s - a ring of resist corrosion (left paw)
Scrolls
 d - a scroll of immolation {unknown}
 e - a scroll of amnesia {unknown}
 f - 2 scrolls of teleportation
 j - 2 scrolls of remove curse
 n - a scroll of fear {unknown}
 p - a scroll of enchant armour {unknown}
Potions
 g - 2 potions of magic
 i - a potion of haste
 k - a potion of heal wounds
 l - a potion of ambrosia
 o - a potion of flight {unknown}
 q - a potion of might {unknown}
Comestibles
 c - 6 rations


   Skills:
 + Level 1.2 Fighting
 + Level 3.6 Dodging
 + Level 2.7 Stealth
 + Level 5.7 Unarmed Combat
 + Level 3.4 Spellcasting
 + Level 3.6 Transmutations
 + Level 0.2 Poison Magic


You had 5 spell levels left.
You knew the following spells:

 Your Spells              Type           Power        Failure   Level  Hunger
a - Beastly Appendage     Tmut           ##....       4%          1    #......
b - Sticks to Snakes      Tmut           ##......     7%          2    ##.....
c - Spider Form           Tmut/Pois      #.........   28%         3    ###....

Your spell library contained the following spells:

 Spells                   Type           Power        Failure   Level  Hunger
 Ice Form                 Ice/Tmut       #.......     67%         4    #####..
 Blade Hands              Tmut           ##........   78%         5    ######.


Dungeon Overview and Level Annotations

Branches:
Dungeon (5/15)
 Temple: D:4-7

Altars:
Fedhas
Wu Jian
Xom


Innate Abilities, Weirdness & Mutations

You cannot wear armour.
You are incapable of wielding weapons or throwing items.
Your paws allow you to move quietly. (Stealth)
You have sharp claws.
You have razor-sharp teeth.
You have supernaturally acute eyesight. (SInv)
You are carnivorous and can eat meat at any time.
You cover ground quickly.
You are covered in thick fur. (AC +2)
You have a slow metabolism.
Your sharp claws are effective at attacking unaware monsters.
You have a pair of horns on your head.


Message History

You completely miss the gnoll sergeant.
The gnoll sergeant is moderately wounded.
The gnoll sergeant closely misses you. The gnoll barely misses you.
You scratch the gnoll sergeant but do no damage.
You headbutt the gnoll sergeant, but do no damage.
The gnoll sergeant is moderately wounded.
The gnoll sergeant misses you.
You scratch the gnoll sergeant.
The gnoll sergeant is moderately wounded.
The gnoll misses you.
You scratch the gnoll sergeant but do no damage.
The gnoll sergeant is moderately wounded.
The gnoll sergeant hits you with a +0 spear!
The gnoll closely misses you.
You closely miss the gnoll sergeant.
The gnoll sergeant is moderately wounded.
The gnoll sergeant hits you with a +0 spear.
* * * LOW HITPOINT WARNING * * *
The gnoll hits you from afar with a +0 halberd.
You die...

. . #.#..# #.......#
#.#.#.#..# #.......#
.#.#.#.#..# #.......#
..........# #.......# #.#.#.#
#.......#
####.#.#.#######......########
...........g..........>.....[#
####..)######.##########.###.#
#...# #ggg@......).....#
#...######.#.########.#######
#.....g.)..#.# #.........#
#.#.########+# #########.#
#.#.# #.#.# #.#+#


You could see a gnoll sergeant and 2 gnolls.

Vanquished Creatures
  A howler monkey (D:4)
  A crimson imp (D:5)
  2 hounds
  A centaur zombie (D:5)
  An orc wizard (D:4)
  6 worker ants
  3 adders (D:3)
  A gnoll (D:5)
  2 adder skeletons (D:4)
  4 worms
  A dart slug (D:1)
  A leopard gecko (D:4)
  9 orcs
  11 bats
  6 giant cockroaches
  7 goblins
  4 hobgoblins
  6 kobolds
  3 quokkas
  A ball python skeleton (D:4)
  5 frilled lizards
  6 rats
82 creatures vanquished.

Vanquished Creatures (collateral kills)
  An adder skeleton (D:4)
  An orc (D:4)
  A hobgoblin (D:3)
3 creatures vanquished.

Vanquished Creatures (others)
  A plant (D:4)
1 creature vanquished.

Grand Total: 86 creatures vanquished

Notes
Turn   | Place    | Note
-------+----------+-------------------------------------------
     0 | D:1      | myga the Felid Transmuter began the quest for the Orb.
     0 | D:1      | Reached XP level 1. HP: 9/9 MP: 4/4
   212 | D:1      | Reached XP level 2. HP: 12/12 MP: 6/6
   236 | D:1      | Learned a level 2 spell: Sticks to Snakes
   795 | D:2      | Found a blossoming altar of Fedhas.
   939 | D:2      | Reached XP level 3. HP: 2/15 MP: 7/7
  1186 | D:2      | Learned a level 3 spell: Spider Form
  1812 | D:2      | Found an ornate altar of the Wu Jian Council.
  1818 | D:2      | Became a worshipper of the Wu Jian Council
  1947 | D:3      | Reached skill level 1 in Stealth
  2235 | D:3      | Reached skill level 4 in Unarmed Combat
  2239 | D:3      | Reached XP level 4. HP: 18/19 MP: 4/8
  2745 | D:4      | Reached XP level 5. HP: 9/22 MP: 8/10
  3272 | D:4      | Found a shimmering altar of Xom.
  3279 | D:4      | Reached * piety under Wu Jian
  3356 | D:4      | Reached skill level 5 in Unarmed Combat
  3740 | D:4      | Gained mutation: You are covered in thick fur. (AC +2)
                  | [Felid growth]
  3740 | D:4      | Reached XP level 6. HP: 13/25 MP: 11/11
  4071 | D:5      | Entered Level 5 of the Dungeon
  4071 | D:5      | Noticed an ice beast
  4079 | D:5      | Mangled by an ice beast
  4080 | D:5      | Reached XP level 5. HP: -9/22 MP: 10/10
  4132 | D:5      | Reached XP level 6. HP: 6/25 MP: 12/12
  4456 | D:5      | Slain by a gnoll

Skill      XL: |  1  2  3  4  5 |
---------------+----------------+-----
Stealth        | 1 2 |  2.7
Unarmed Combat | 4 5 |  5.7
Dodging        | 3 |  3.6
Transmutations | 3 |  3.6
Spellcasting   | 3 |  3.4
Fighting       | |  1.2
Poison Magic   | |  0.2

Action                   |  1- 3 |  4- 6 || total
-------------------------+-------+-------++-------
Melee: Unarmed           |   129 |   162 ||   291
       Headbutt          |    13 |    21 ||    34
       Bite              |     6 |    15 ||    21
       Punch             |     1 |     2 ||     3
 Cast: Beastly Appendage |    17 |    15 ||    32
       Sticks to Snakes  |     3 |     3 ||     6
       Spider Form       |       |     4 ||     4
Invok: Lunge             |     3 |    16 ||    19
  Use: Scroll            |     5 |     4 ||     9
       Potion            |       |     2 ||     2
 Stab: Sleeping          |     8 |     5 ||    13
       Distracted        |       |     1 ||     1
  Eat: Chunk             |    10 |    11 ||    21
Armor: Skin              |     7 |     7 ||    14
Dodge: Dodged            |   102 |   125 ||   227
